 Dungeon Crawl Stone Soup version 0.31-a0-1096-g246cf0196b (webtiles) character file.

Game seed: 5734221110620603006

2385 Dirtsage the Changeling (level 9, -2/91 HPs)
             Began as an Octopode Shapeshifter on Nov 29, 2023.
             Was a Follower of the Shining One.
             Killed from afar by Dowan (7 damage)
             ... with a shard of ice
             ... on level 7 of the Dungeon.
             The game lasted 00:14:27 (6154 turns).

Dirtsage the Changeling (Octopode Shapeshifter)     Turns: 6154, Time: 00:14:28

Health: -2/91      AC:  1    Str: 18    XL:     9   Next: 45%
Magic:  19/19      EV: 13    Int: 18    God:    the Shining One [*.....]
Gold:   179        SH:  5    Dex: 11    Spells: 6/8 levels left

rFire   . .          .
                       - Unarmed
rCold   . . .        (no shield)
rNeg    + . .        (helmet currently unavailable)
rPois   .            j - amulet of reflection
rElec   .            N - ring of positive energy
rCorr   .            W - ring of wizardry
SInv    .            w - ring of magical power
Will    .....        z - +6 ring of intelligence Stlth
                     (no ring)
HPRegen 0.35/turn    (no ring)
MPRegen 0.16/turn    (no ring)
                     (no ring)

%: reflection, wizardry (x1)
@: berserking, beast-form, glowing, very quick
A: beast (slay +4), almost no armour, amphibious, 8 rings, camouflage 1,
gelatinous body 1, (nimble swimmer 1), tentacles
a: Begin Untransformation, Renounce Religion, Divine Shield


You were on level 7 of the Dungeon.
You worshipped the Shining One.
The Shining One was aware of your devotion.
You were a hulking beast.
You visited 2 branches of the dungeon, and saw 8 of its levels.
You also visited: Sewer.

You collected 324 gold pieces.
You spent 145 gold pieces at shops.

Inventory:

Missiles
 B - 2 curare-tipped darts
Magical Staves
 k - a staff of earth
Jewellery
 j - an amulet of reflection (around mantle)
 u - an amulet of magic regeneration
 w - a ring of magical power (on tentacle)
 z - a +6 ring of intelligence (on tentacle)
 N - a ring of positive energy (left tentacle)
 W - a ring of wizardry (right tentacle)
Talismans
 b - a beast talisman
 c - a flux talisman
Wands
 x - a wand of polymorph (4)
Scrolls
 d - 2 scrolls of revelation
 h - 2 scrolls of enchant armour {unknown}
 i - 3 scrolls of identify
 l - a scroll of enchant weapon {unknown}
 m - 2 scrolls of immolation {unknown}
 n - 2 scrolls of silence {unknown}
 o - 2 scrolls of blinking {unknown}
 r - 3 scrolls of amnesia
 v - a scroll of acquirement {unknown}
 y - a scroll of noise {unknown}
 A - a scroll of summoning {unknown}
 E - a scroll of poison {unknown}
 F - a scroll of teleportation {unknown}
Potions
 a - a potion of lignification
 f - 2 potions of brilliance {unknown}
 g - 3 potions of magic {unknown}
 p - a potion of ambrosia {unknown}
 q - 4 potions of curing
 s - a potion of mutation {unknown}
 t - a potion of cancellation {unknown}
 C - 2 potions of resistance {unknown}
 D - a potion of invisibility {unknown}
 G - a potion of heal wounds {unknown}
 H - a potion of haste {unknown}


   Skills:
 + Level 5.6 Fighting
 - Level 2.0 Dodging
 + Level 6.3 Unarmed Combat
 - Level 4.5 Transmutations
 + Level 1.8 Invocations
 * Level 7.9 Shapeshifting


You had 6 spell levels left.
You knew the following spells:

 Your Spells              Type           Power      Damage    Failure   Level
a - Wereblood             Tmut           16%        N/A       2%          2

Your spell library contained the following spells:

 Spells                   Type           Power      Damage    Failure   Level
 Necrotise                Necr           0%         1d4       9%          1
 Summon Small Mammal      Summ           0%         N/A       9%          1
 Lesser Beckoning         Tloc           0%         N/A       13%         2
 Sublimation of Blood     Necr           0%         N/A       13%         2
 Call Canine Familiar     Summ           0%         N/A       26%         3
 Confusing Touch          Hex            0%         N/A       26%         3
 Dazzling Flash           Conj/Hex       0%         N/A       26%         3
 Gell's Gravitas          Tloc           0%         N/A       26%         3
 Summon Guardian Golem    Hex/Summ       0%         N/A       26%         3
 Teleport Other           Tloc           0%         N/A       26%         3
 Vampiric Draining        Necr           0%         2d6       26%         3
 Fulminant Prism          Conj/Hex       0%         3d5       61%         4
 Agony                    Necr           0%         N/A       91%         5
 Metabolic Englaciation   Hex/Ice        0%         N/A       91%         5
 Haunt                    Necr/Summ      0%         N/A       100%        7
 Summon Hydra             Summ           0%         N/A       100%        7
 Borgnjor's Revivificati  Necr           0%         N/A       100%        8
 Death's Door             Necr           0%         N/A       100%        9


Dungeon Overview and Level Annotations

Branches:
Dungeon (7/15)             Temple (1/1) D:6           Sewer (visited)

Altars:
Cheibriados
Dithmenos
Elyvilon
Fedhas
Hepliaklqana
Kikubaaqudgha
Makhleb
Nemelex Xobeh
Okawaru
Qazlal
Ru
Sif Muna
Trog
Uskayaw
Vehumet
Wu Jian
Xom
Yredelemnul
Zin
The Shining One

Shops:
D:1 (   D:4 ![!!

Annotations:
D:3 2 transporters, kae's ghost, amateur DsEn
D:5 1 runed translucent door, snipermoke's ghost, novice DsGl
D:6 2 runed translucent doors, Flugslaktarn's ghost, novice OpSh
D:7 Dowan


Innate Abilities, Weirdness & Mutations

You are a hulking beast.
Your limbs bulge with bestial killing power. (Slay +4)
You cannot wear most types of armour.
You are amphibious.
You can wear up to eight rings at the same time.
Your skin changes colour to match your surroundings (Stealth+).
Your rubbery body absorbs attacks. (AC +1, EV +1)
((You are camouflaged when in or above water. (Stealth+)))
You have tentacles for arms and can constrict up to eight enemies at once.


Message History

You completely miss Duvessa. You squeeze Duvessa, but do no damage.
Duvessa is lightly wounded.
You constrict Duvessa.
Dowan casts a spell at Duvessa.
Duvessa seems to speed up.
Duvessa hits you with a +5 short sword of electrocution!
You are electrocuted!
* * * LOW HITPOINT WARNING * * *
You take 18 damage, and have 12/61 hp.
MASSIVE DAMAGE!!
You feel better.
You constrict Duvessa, but do no damage.
You block Duvessa's attack.
You regained 11 hp, and now have 23/61 hp.
You feel better.
You constrict Duvessa. You block Duvessa's attack. Duvessa misses you.
You regained 7 hp, and now have 30/61 hp.
A red film seems to cover your vision as you go berserk!
You feel yourself moving faster!
You feel mighty!
You constrict Duvessa.
Duvessa hits you with a +5 short sword of electrocution!
You now have 36/91 hp.
You bludgeon Duvessa!
Duvessa is heavily wounded.
You constrict Duvessa.
Duvessa hits you with a +5 short sword of electrocution.
You are electrocuted!!
* * * LOW HITPOINT WARNING * * *
You take 20 damage, and have 16/91 hp.
MASSIVE DAMAGE!!
You bludgeon Duvessa!
Duvessa is almost dead.
You constrict Duvessa.
Duvessa hits you with a +5 short sword of electrocution!
* * * LOW HITPOINT WARNING * * *
You take 11 damage, and have 5/91 hp.
You bludgeon Duvessa!
You kill Duvessa!
Dowan screams, "No!
Oh no!"
Dowan seems to find hidden reserves of power!
Dowan gestures at you while chanting. The shard of ice hits you!
You die...

..# #. ... #.# #.# #
####.# ####.# .#
#..... ..#.# ####..
#.##.# #.#.###....
#.##.####.#.##.#.##...
#.##.........he......#
#.##......####!..#####
#.##..##..# ##..#
#.........# ..#
####)#####...#####....
.....# #..........###
.###.# #.########## .#
#.# #.# .#
#.#####.########


You could see Dowan (fast).

Vanquished Creatures
  Maggie (D:6)
  Edmund (D:6)
  Duvessa (D:7)
  A sky beast (D:7)
  2 black bears (D:6)
  2 ogres
  A centaur (D:7)
  2 phantoms
  A bullfrog (D:6)
  5 kobold brigands
  Blork the orc (D:4)
  4 scorpions
  2 hounds
  A jelly (D:6)
  Jessica (D:3)
  2 iguanas (D:5)
  An orc wizard (D:6)
  9 adders
  4 gnolls (D:4)
  A river rat (Sewer)
  A shadow imp (D:7)
  2 white imps
  4 ufetubi
  3 worms
  2 dart slugs
  4 orcs (D:6)
  11 ball pythons
  9 endoplasms
  6 giant cockroaches
  7 goblins
  12 hobgoblins
  12 jackals
  5 quokkas
  7 bats
  5 frilled lizards
  13 kobolds
  8 rats
154 creatures vanquished.

Notes
Turn   | Place    | Note
-------+----------+-------------------------------------------
     0 | D:1      | Dirtsage the Octopode Shapeshifter began the quest for the
                  | Orb.
     0 | D:1      | Reached XP level 1. HP: 13/13 MP: 1/1
   157 | D:1      | Found Ynedif's Weapon Boutique.
   254 | D:1      | Reached XP level 2. HP: 9/18 MP: 2/2
   327 | D:1      | Found a faded altar of an unknown god.
   407 | D:1      | Got Beicoah's Discourse on Glamour
   480 | D:1      | Reached XP level 3. HP: 23/23 MP: 3/3
  1047 | D:2      | Reached XP level 4. HP: 29/29 MP: 4/4
  1111 | D:2      | Found a glowing silver altar of Zin.
  1282 | D:2      | Reached skill level 4 in Shapeshifting
  1429 | D:2      | You fall into a shaft and drop 2 floors!
  1753 | D:2      | Learned a level 2 spell: Wereblood
  1879 | D:3      | Found a transporter.
  1882 | D:3      | Noticed kae's ghost (amateur DsEn)
  2055 | D:3      | Noticed Jessica
  2062 | D:3      | Killed Jessica
  2063 | D:3      | Reached XP level 5. HP: 35/35 MP: 5/5
  2340 | D:3      | Found a transporter.
  2360 | D:3      | Saving game... please wait.
  2468 | D:4      | Found a stormy altar of Qazlal.
  2553 | D:4      | Found Yphua's Distillery.
  2589 | D:4      | Bought 2 potions of curing for 72 gold pieces
  2589 | D:4      | Bought a potion of berserk rage for 60 gold pieces
  2606 | D:4      | Noticed a phantom
  2626 | D:4      | Killed a phantom
  2627 | D:4      | Reached skill level 1 in Transmutations
  2709 | D:4      | Reached XP level 6. HP: 37/41 MP: 6/6
  2804 | D:4      | Found Xysoe's Antique Armour Emporium.
  2809 | D:4      | Found Gamaiwopn's Distillery.
  2812 | D:4      | Noticed Blork the orc
  2823 | D:4      | Killed Blork the orc
  2824 | D:4      | Reached skill level 5 in Shapeshifting
  2896 | D:4      | Bought a potion of degeneration for 13 gold pieces
  3027 | D:4      | Found Lest's Distillery.
  3223 | D:5      | Entered Level 5 of the Dungeon
  3233 | D:5      | Reached XP level 7. HP: 43/46 MP: 7/7
  3405 | D:5      | Found a runed translucent door.
  3405 | D:5      | Noticed snipermoke's ghost (novice DsGl)
  3429 | D:5      | Found a radiant altar of Vehumet.
  3429 | D:5      | Found a shimmering altar of Xom.
  3546 | D:5      | Found an ancient bone altar of Kikubaaqudgha.
  3653 | D:5      | Found a bloodstained altar of Trog.
  3736 | D:5      | Found a snail-covered altar of Cheibriados.
  3780 | D:5      | Found a hazy altar of Hepliaklqana.
  3781 | D:5      | Found a shadowy altar of Dithmenos.
  3781 | D:5      | Noticed a shadow
  3941 | D:6      | Found a staircase to the Ecumenical Temple.
  3947 | Temple   | Entered the Ecumenical Temple
  3954 | Temple   | Became a worshipper of the Shining One
  4106 | D:6      | Noticed Maggie
  4114 | D:6      | Killed Maggie
  4115 | D:6      | Reached skill level 5 in Unarmed Combat
  4115 | D:6      | Reached skill level 6 in Shapeshifting
  4115 | D:6      | Reached XP level 8. HP: 42/54 MP: 8/8
  4268 | D:6      | Noticed Edmund
  4292 | D:6      | Killed Edmund
  4340 | D:6      | Found a glowing drain.
  4369 | Sewer    | Entered a sewer
  4510 | Sewer    | Reached skill level 7 in Shapeshifting
  4675 | Sewer    | Reached skill level 5 in Fighting
  4681 | Sewer    | Reached XP level 9. HP: 57/61 MP: 9/9
  5266 | D:6      | Found a large runed translucent door.
  5266 | D:6      | Found a large runed translucent door.
  5277 | D:6      | Noticed Flugslaktarn's ghost (novice OpSh)
  5491 | D:6      | Reached * piety under the Shining One
  5851 | D:7      | Reached skill level 1 in Invocations
  6136 | D:7      | Noticed Dowan
  6137 | D:7      | Noticed Duvessa
  6153 | D:7      | Killed Duvessa
  6154 | D:7      | Killed from afar by Dowan

Illustrated notes

Levels and vault maps discovered:
D:1:      dpeg_arrival_prison, layout_loops_ring,
          shapermc_ecumenical_altar_mp_highgroup, serial_shops, shop,
          minmay_split_cup_large
D:2:      layout_basic, basic_altar, minmay_quadrilaterals
D:3:      layout_rooms, gammafunk_ghost_gnarly_gnolls, kennysheep_pointless_box,
          uniq_jessica
D:4:      layout_rooms, mainiacjoe_overflow_surrounded_room, serial_shops,
          kennysheep_mini, shop, nicolae_shop_waterfront, shop,
          serial_bayou_lagoon_a, grunt_ministairs_1, uniq_blork_the_orc
D:5:      layout_rooms, riverfiend_overflow_shadow_ancestor,
          overflow_temple_1_default, kennysheep_mini_moat,
          kennysheep_little_box, chequers_temple_overflow_statue_of_worship,
          hellmonk_ghost_happy_afterlife
D:6:      layout_loops_corners, minmay_temple_entry_enclosed_plants,
          cheibrodos_sewer_entry_bend, ebering_ghost_disaster_area, uniq_maggie,
          uniq_edmund
D:7:      cheibrodos_shockbox, layout_loops_ring, serial_shops, shop,
          uniq_duvessa, uniq_prince_ribbit1
Temple:   nicolae_temple_x_marks_the_god

Skill      XL: |  1  2  3  4  5  6  7  8  9 |
---------------+----------------------------+-----
Fighting       | 2 3 4 5 |  5.6
Shapeshifting  | 4 5 6 7 |  7.9
Unarmed Combat | 4 5 6 |  6.3
Transmutations | 1 2 3 4 |  4.5
Invocations    | 1 |  1.8
Dodging        | |  2.0

Action                     |  1- 3 |  4- 6 |  7- 9 || total
---------------------------+-------+-------+-------++-------
  Melee: Unarmed           |    77 |   116 |   153 ||   346
         Constrict         |    20 |    29 |    36 ||    85
         Tentacles         |    15 |    20 |    41 ||    76
         Punch             |     2 |     3 |     6 ||    11
   Cast: Wereblood         |       |       |     1 ||     1
    Use: Scroll            |       |     2 |       ||     2
         Potion            |       |     1 |     4 ||     5
   Stab: Sleeping          |     4 |    10 |     1 ||    15
 Armour: Skin              |    33 |    31 |    63 ||   127
  Dodge: Dodged            |    43 |    53 |    80 ||   176
  Block: Other             |     6 |    19 |    28 ||    53
         Reflection        |       |     1 |     2 ||     3

Table legend: (Time is in decaauts)
 A = Elapsed time spent in this place.
 B = Non-inter-level travel time spent in this place.
 C = Inter-level travel time spent in this place.
 D = Time resting spent in this place.
 E = Time spent auto-exploring this place.
 F = Levels seen in this place.
 G = Mean time per level.
                   A        B        C        D        E       F      G
               +--------+--------+--------+--------+--------+-----+--------+
         Total |   6130 |   5950 |    180 |     40 |   4766 |   9 |  681.1 |
       Dungeon |   5502 |   5325 |    177 |     40 |   4251 |   7 |  786.0 |
        Temple |     11 |      8 |      3 |      0 |      0 |   1 |   11.0 |
         Sewer |    615 |    615 |      0 |      0 |    515 |   1 |  615.0 |
               +--------+--------+--------+--------+--------+-----+--------+

Top non-repeatable levels by time:
     D:6: 1302 daAuts
     D:2: 930 daAuts
     D:1: 901 daAuts
     D:4: 830 daAuts
     D:5: 657 daAuts
   Sewer: 615 daAuts
     D:3: 547 daAuts
     D:7: 334 daAuts
  Temple: 11 daAuts
